Map: Romanticide LE

Players

ShaDoWn

  • Race: Protoss Protoss

PtitDrogo - Winner!

  • Race: Protoss Protoss
  • League: Grandmaster

Event: DreamHack SC2 Masters 2021 Summer

VOD

Have the link to the VOD?

Description

Time

  • Played on: May 20, 2021, 1:32 p.m.
  • Length: 14:47

All games in this series

Show
View Real Time Build Order
Export as new Build Order

ShaDoWn Protoss 

Build Orders: Oracle Opening 

Get SALT Encoding   

  12  0:00  Probe  
  13  0:12  Probe  
  14  0:17  Pylon  
  14  0:24  Probe  
  15  0:36  Probe (Chrono Boost), Gateway  
  16  0:46  Probe (Chrono Boost)  
  16  0:47  Assimilator  
  17  0:51  Probe (Chrono Boost)  
  17  0:55  Assimilator  
  18  1:03  Probe (Chrono Boost)  
  19  1:08  Gateway  
  19  1:14  Probe (Chrono Boost)  
  20  1:18  Probe (Chrono Boost)  
  20  1:24  Cybernetics Core  
  21  1:29  Probe  
  22  1:37  Pylon  
  22  1:41  Probe  
  23  1:55  Probe  
  24  2:01  Stalker  
  24  2:02  Stalker  
  24  2:03  Warp Gate  
  28  2:14  Pylon  
  28  2:28  Stargate  
  28  2:29  Pylon  
  28  2:47  Nexus  
  28  2:50  Probe  
  29  2:57  Shield Battery  
  29  3:03  Probe  
  30  3:09  Oracle (Chrono Boost)  
  33  3:15  Probe  
  37  3:27  Probe  
  37  3:29  Pylon  
  35  3:36  Oracle (Chrono Boost)  
  35  3:39  Probe  
  39  3:48  Twilight Council  
  39  3:52  Probe (Chrono Boost)  
  40  4:00  Probe (Chrono Boost)  
  41  4:04  Forge  
  41  4:09  Probe x2 (Chrono Boost)  
  43  4:14  Probe (Chrono Boost)  
  43  4:15  Probe  
  45  4:21  Blink (Chrono Boost)  
  45  4:26  Probe  
  45  4:28  Sentry  
  48  4:33  Probe  
  48  4:35  Pylon  
  48  4:37  Stalker  
  51  4:46  Probe (Chrono Boost)  
  51  4:50  Probe (Chrono Boost)  
  53  4:53  Gateway  
  53  4:55  Stalker  
  53  4:57  Probe (Chrono Boost)  
  57  5:00  Probe (Chrono Boost)  
  57  5:02  Probe (Chrono Boost)  
  58  5:09  Nexus  
  58  5:10  Probe  
  58  5:12  Probe  
  60  5:18  Stalker  
  62  5:22  Probe  
  62  5:23  Pylon  
  62  5:24  Stalker  
  62  5:25  Probe  
  66  5:31  Protoss Ground Weapons Level 1  
  66  5:34  Probe  
  66  5:35  Assimilator  
  67  5:38  Probe  
  68  5:45  Stalker  
  68  5:49  Stalker  
  72  5:51  Probe x2  
  72  5:54  Pylon  
  72  5:55  Stalker  
  76  6:00  Pylon  
  76  6:03  Probe x2  
  78  6:19  Stalker x3  
  78  6:21  Probe  
  78  6:25  Probe x2  
  87  6:33  Probe  
  87  6:37  Probe x2  
  84  6:43  Stalker x3  
  87  6:47  Probe (Chrono Boost)  
  87  6:49  Probe (Chrono Boost)  
  87  6:53  Probe (Chrono Boost)  
  83  6:54  Charge (Chrono Boost)  
  83  7:01  Probe (Chrono Boost)  
  83  7:03  Probe (Chrono Boost)  
  83  7:04  Probe (Chrono Boost)  
  83  7:06  Nexus, Stalker x3  
  83  7:07  Assimilator x2  
  89  7:13  Pylon  
  88  7:21  Gateway  
  88  7:22  Gateway  
  88  7:26  Gateway  
  88  7:28  Gateway  
  88  7:29  Protoss Ground Weapons Level 2 (Chrono Boost)  
  88  7:34  Dark Shrine, Stalker x2  
  90  7:55  Gateway  
  90  7:58  Gateway, Shield Battery, Photon Cannon  
  90  8:00  Gateway, Photon Cannon  
  90  8:01  Stalker x2  
  94  8:08  Pylon  
  94  8:09  Shield Battery  
  94  8:13  Photon Cannon  
  94  8:14  Robotics Facility  
  94  8:21  Stalker x3  
  94  8:25  Stalker x3  
  106  8:31  Pylon  
  106  8:35  Shield Battery  
  106  8:46  Dark Templar x2  
  106  8:47  Zealot  
  112  8:53  Stalker x3  
  112  8:54  Zealot x3  
  122  9:00  Shield Battery  
  120  9:10  Zealot  
  120  9:15  Dark Templar x2  
  120  9:16  Zealot x4  
  134  9:19  Zealot x2  
  134  9:21  Pylon  
  134  9:22  Observer  
  139  9:24  Archon  
  139  9:25  Archon  
  137  9:35  Zealot  
  125  9:39  Zealot x6  
  125  9:43  Robotics Bay  
  137  9:49  Pylon  
  137  9:52  Probe  
  136  9:57  Protoss Ground Weapons Level 3 (Chrono Boost)  
  136  9:58  Zealot x3  
  142  10:01  Pylon  
  142  10:02  Pylon  
  142  10:06  Probe x2  
  142  10:07  Probe x2  
  145  10:15  Zealot  
  145  10:18  Probe  
  145  10:19  Probe  
  145  10:21  Zealot x6  
  155  10:33  Zealot x2  
  140  10:37  Zealot  
  140  10:41  Zealot x3  
  140  10:42  Zealot x2  
  116  10:52  Zealot  
  116  10:56  Nexus  
  106  10:59  Observer (Chrono Boost)  
  107  11:11  Stalker x4  
  107  11:12  Stalker  
  107  11:15  Disruptor (Chrono Boost)  
  120  11:25  Stalker x4  
  128  11:38  Disruptor (Chrono Boost)  
  128  11:39  Nexus  
  131  11:46  Nexus  
  131  11:49  Pylon  
  131  11:58  Zealot x5  
  141  12:01  Photon Cannon  
  141  12:02  Photon Cannon  
  137  12:12  Disruptor (Chrono Boost)  
  140  12:27  Pylon  
  140  12:30  Shadow Stride  
  140  12:31  Pylon  
  140  12:41  Disruptor (Chrono Boost)  
  140  12:42  Nexus  
  140  12:47  Zealot x7  
  126  12:54  Zealot  
  93  13:10  Zealot x3  
  93  13:11  Zealot x3  
  94  13:19  Disruptor (Chrono Boost)  
  83  13:27  Probe x2  
  83  13:30  Stalker x3  
  83  13:32  Stalker x4  
  93  13:45  Zealot  
  89  13:49  Disruptor (Chrono Boost)  
Show
View Real Time Build Order
Export as new Build Order

PtitDrogo Protoss - Winner!

Build Orders:  

Get SALT Encoding   

  12  0:00  Probe  
  13  0:12  Probe  
  14  0:18  Pylon  
  14  0:24  Probe (Chrono Boost)  
  15  0:37  Probe (Chrono Boost), Gateway  
  16  0:45  Probe (Chrono Boost)  
  16  0:46  Assimilator  
  17  0:51  Probe  
  17  0:55  Assimilator  
  18  1:03  Probe (Chrono Boost)  
  19  1:08  Gateway  
  19  1:13  Probe (Chrono Boost)  
  19  1:18  Probe (Chrono Boost)  
  20  1:25  Cybernetics Core  
  21  1:31  Probe  
  22  1:36  Pylon  
  22  1:43  Probe  
  23  1:55  Probe  
  24  2:02  Stalker x2, Warp Gate  
  28  2:14  Pylon  
  28  2:17  Probe  
  29  2:23  Pylon  
  29  2:32  Sentry  
  31  2:39  Sentry  
  31  2:40  Probe  
  34  2:50  Nexus  
  34  2:53  Probe  
  34  2:55  Shield Battery  
  35  3:00  Sentry  
  35  3:04  Pylon  
  37  3:07  Probe (Chrono Boost)  
  38  3:16  Probe (Chrono Boost)  
  39  3:20  Twilight Council  
  39  3:22  Probe  
  40  3:34  Probe  
  41  3:38  Forge  
  41  3:46  Probe (Chrono Boost)  
  42  3:56  Stalker x2  
  42  3:58  Probe (Chrono Boost)  
  48  4:03  Probe (Chrono Boost)  
  48  4:04  Probe (Chrono Boost)  
  49  4:12  Probe (Chrono Boost)  
  49  4:14  Probe (Chrono Boost)  
  49  4:16  Protoss Ground Weapons Level 1  
  51  4:24  Probe (Chrono Boost), Blink (Chrono Boost)  
  53  4:25  Probe (Chrono Boost)  
  53  4:29  Probe (Chrono Boost)  
  53  4:30  Probe (Chrono Boost)  
  55  4:38  Probe  
  55  4:41  Probe  
  57  4:51  Probe, Assimilator  
  57  4:52  Pylon  
  58  4:53  Probe  
  58  4:55  Robotics Facility  
  59  5:03  Probe  
  59  5:04  Nexus  
  59  5:05  Probe  
  59  5:06  Pylon  
  61  5:15  Probe  
  61  5:17  Probe  
  61  5:21  Gateway  
  63  5:22  Gateway  
  63  5:23  Pylon  
  63  5:27  Probe  
  64  5:29  Probe  
  64  5:30  Stalker  
  64  5:34  Stalker  
  69  5:39  Probe  
  69  5:41  Probe  
  72  5:42  Observer  
  72  5:51  Probe  
  72  5:53  Probe, Shield Battery  
  74  5:57  Stalker x2  
  74  5:58  Photon Cannon  
  74  6:03  Probe  
  79  6:05  Probe  
  79  6:06  Protoss Ground Weapons Level 2 (Chrono Boost)  
  79  6:09  Immortal (Chrono Boost)  
  84  6:15  Probe  
  84  6:17  Probe, Stalker x2  
  90  6:18  Probe  
  90  6:23  Stalker x2  
  95  6:27  Probe  
  95  6:30  Probe  
  95  6:34  Probe  
  86  6:41  Stalker x2  
  86  6:44  Probe  
  89  6:51  Stalker  
  89  6:52  Stalker  
  93  6:59  Gateway x2  
  93  7:00  Shield Battery  
  93  7:03  Immortal (Chrono Boost)  
  93  7:07  Zealot x2  
  93  7:08  Charge (Chrono Boost)  
  99  7:11  Pylon  
  99  7:13  Pylon  
  99  7:17  Zealot  
  99  7:21  Gateway x2  
  101  7:31  Warp Prism (Chrono Boost)  
  101  7:34  Zealot x3  
  101  7:36  Photon Cannon  
  109  7:40  Gateway  
  109  7:44  Stalker  
  109  7:48  Gateway, Assimilator  
  111  7:52  Dark Shrine  
  111  7:54  Zealot x2  
  115  8:09  Nexus  
  115  8:11  Pylon  
  115  8:13  Stalker  
  115  8:16  Pylon  
  113  8:28  Stalker x2  
  113  8:31  Zealot x3, Stalker  
  125  8:39  Zealot  
  125  8:40  Zealot x2  
  131  8:42  Zealot  
  133  8:53  Observer (Chrono Boost)  
  133  8:54  Protoss Ground Weapons Level 3 (Chrono Boost)  
  133  8:55  Photon Cannon  
  128  8:59  Stalker x2  
  132  9:04  Pylon  
  132  9:05  Pylon  
  132  9:08  Shield Battery  
  132  9:10  Photon Cannon  
  132  9:19  Pylon  
  132  9:21  Dark Templar x2  
  132  9:22  Zealot x5, Pylon  
  132  9:24  Zealot  
  134  9:45  Zealot x8  
  150  9:50  Photon Cannon  
  150  9:51  Photon Cannon  
  150  10:01  Archon  
  150  10:04  Dark Templar x2  
  150  10:05  Stalker x4  
  162  10:09  Archon  
  142  10:31  Zealot x3  
  142  10:32  Zealot x4  
  142  10:34  Zealot  
  134  10:37  Zealot x2  
  100  10:56  Stalker x8  
  98  11:09  Zealot x2  
  102  11:19  Warp Prism (Chrono Boost), Dark Templar x2  
  102  11:20  Zealot, Protoss Ground Armor Level 1 (Chrono Boost)  
  102  11:21  Zealot x5  
  120  11:32  Pylon  
  120  11:39  Zealot x2  
  124  11:45  Dark Templar x2  
  124  11:46  Zealot x4  
  136  11:54  Archon  
  136  11:56  Templar Archives  
  136  11:57  Nexus  
  136  11:59  Photon Cannon  
  136  12:05  Zealot x4  
  140  12:24  Zealot x6  
  140  12:28  Zealot x4  
  155  12:47  Zealot x6  
  113  13:02  Stalker x4  
  113  13:04  Probe x2  
  113  13:05  Probe  
  110  13:14  Stalker x6  
  106  13:27  Stalker x4  
  100  13:41  Stalker x6  
Tags
 
Add a new tag
Caveats
  • Supply blocks, unpowered buildings, or Contaminate may cause inaccurate times.
  • Supply counts are checked every 10 seconds.